 Dungeon Crawl Stone Soup version 0.14.0-9-g9c5475a (webtiles) character file.

82 Brouzouf the Gusty (level 3, -1/16 HPs)
             Began as a Vine Stalker Air Elementalist on Apr 14, 2014.
             Slain by an orc wizard
             ... wielding a +0,+0 dagger
              (3 damage)
             ... on Level 4 of the Dungeon.
             The game lasted 00:12:03 (1032 turns).

Brouzouf the Gusty (Vine Stalker Air Elementalist)  Turns: 1032, Time: 00:12:03

HP  -1/16        AC  2     Str 10      XL: 3   Next: 87%
MP   0/8         EV 12     Int 16      God:
Gold 29          SH  0     Dex 14      Spells:  2 memorised,  5 levels left

rFire  . . .     SeeInvis .     d - +0,-2 club (curse)
rCold  . . .     Clarity  .     a - +0 robe
rNeg   . . .     Conserve .     (no shield)
rPois  .         rCorr    .     (no helmet)
rElec  .         rRot     +     (no cloak)
SustAb . .       Spirit   +     (no gloves)
rMut   .         Warding  .     (no boots)
Saprov . . .     Stasis   .     (no amulet)
MR     .....                    (no ring)
                                (no ring)

@: very slightly contaminated, not resistant to hostile enchantments, fairly
stealthy
A: fangs 2, regeneration 1, magic shield, antimagic bite, no device heal
a: no special abilities


You were on level 4 of the Dungeon.
You were not hungry.

You visited 1 branch of the dungeon, and saw 3 of its levels.

You collected 29 gold pieces.

Inventory:

Hand weapons
 d - a cursed +0,-2 club (weapon)
 f - a +0,+0 dagger
Armour
 a - a +0 robe (worn)
Comestibles
 c - a bread ration
 g - 4 apples
 i - a sausage
 j - a chunk of adder flesh
Potions
 e - a potion of confusion {unknown}
 h - a potion of curing {unknown}
Books
 b - a book of Air

   Spells                             Type                      Level
   *Shock                             Conjuration/Air              1
   *Swiftness                         Charms/Air                   2
   Repel Missiles                     Charms/Air                   2
   Flight                             Charms/Air                   3
   Static Discharge                   Conjuration/Air              3
   Lightning Bolt                     Conjuration/Air              5


   Skills:
 - Level 1.7 Dodging
 + Level 2.9 Stealth
 + Level 3.0 Spellcasting
 + Level 1.4 Conjurations
 + Level 3.6 Air Magic


You had 5 spell levels left.
You knew the following spells:

 Your Spells              Type           Power        Failure   Level  Hunger
a - Shock                 Conj/Air       ##..         10%         1    #......
b - Swiftness             Chrm/Air       #.......     14%         2    ##.....


Dungeon Overview and Level Annotations

Branches:
Dungeon (4/15)
 Temple: D:4-7

Altars:
Ashenzari

Annotations:
D:2 Ijyb


Innate Abilities, Weirdness & Mutations

You are immune to rotting.
You have extremely sharp teeth.
Your natural rate of healing is unusually fast.
When hurt, damage is shared between your health and your magic reserves.
Your bite disrupts and absorbs the magic of your enemies.
Potions and wands cannot restore your HP.


Message History

You feel invigorated.
Casting: Shock
Confirm with . or Enter, or press ? or * to list all spells.
Aiming: Shock
Press: ? - help, Shift-Dir - straight line That beam is likely to hit you.
Continue anyway?
Okay, then.
Casting: Shock
Confirm with . or Enter, or press ? or * to list all spells.
Aiming: Shock
Press: ? - help, Shift-Dir - straight line Something hits you.
* * * LOW HITPOINT WARNING * * *
An orc comes into view. It is wielding a hand axe.
Casting: Shock
Confirm with . or Enter, or press ? or * to list all spells.
Aiming: Shock
Press: ? - help, Shift-Dir - straight line Something hits you.
You die...

#....#.#.#.#.#
..........#.#.#
........... ...
........... ..
...........###.#
..........#.#.#.#.#
#.............)...#
.#..<...#..#.#.#.....#
........#..#.#@#...#...
#.................# #
###.......#.#.#..)#
..<.........#<#.#o#.#
...............#.#...
.###..####.###.......
#.. ..# ###. #.# #.# #.
.#


You could see an orc.

Vanquished Creatures
  2 adders (D:2)
  A giant gecko (D:2)
  2 orcs (D:4)
  A ball python (D:2)
  6 bats
  3 giant cockroaches
  4 hobgoblins (D:1)
  A giant newt (D:1)
  3 goblins (D:1)
  4 kobolds
  6 rats (D:1)
  A plant (D:1)
34 creatures vanquished.

Notes
Turn   | Place    | Note
--------------------------------------------------------------
     0 | D:1      | Brouzouf, the Vine Stalker Air Elementalist, began the quest for the Orb.
     0 | D:1      | Reached XP level 1. HP: 9/9 MP: 3/3
    82 | D:1      | Reached XP level 2. HP: 13/13 MP: 2/6
   276 | D:1      | Learned a level 2 spell: Swiftness
   513 | D:1      | Reached XP level 3. HP: 16/16 MP: 4/7
   870 | D:2      | Found a shattered altar of Ashenzari.
   930 | D:2      | Noticed Ijyb
   955 | D:2      | You fall through a shaft!
  1032 | D:4      | Slain by an orc wizard

Action                   || total
-------------------------++-------
Melee: Unarmed           ||     5
       Club              ||   168
 Cast: Shock             ||    68
  Use: Scroll            ||     4
 Stab: Sleeping          ||     1
